 Dungeon Crawl Stone Soup version 0.31.0-12-g77e489cdc1 (webtiles) character file.

Game seed: 1426508174325179127

89 Ekaitz the Firebug (level 4, -2/31 HPs)
             Began as a Demonspawn Fire Elementalist on Feb 13, 2024.
             Slain by a gnoll
             ... wielding a +0 whip
              (5 damage)
             ... on level 2 of the Dungeon.
             The game lasted 00:04:22 (1702 turns).

Ekaitz the Firebug (Demonspawn Fire Elementalist)   Turns: 1702, Time: 00:04:22

Health: -2/31      AC:  4    Str:  8    XL:     4   Next: 31%
Magic:  0/7        EV: 17    Int: 15    God:
Gold:   85         SH:  0    Dex: 16    Spells: 1/7 levels left

rFire   . . .        j - +0 dagger
rCold   . . .        (no shield)
rNeg    . . .        a - +0 robe
rPois   .            (helmet currently unavailable)
rElec   .            (cloak currently unavailable)
rCorr   .            (gloves currently unavailable)
SInv    .            (boots currently unavailable)
Will    .....        (no amulet)
Stlth   ++           h - +5 ring of evasion
HPRegen 0.25/turn    (no ring)
MPRegen 0.20/turn

%: no passive effects
@: beast-form
A: beast (slay +0), yellow scales 1, magic regeneration, demonic magic 1
a: Begin Untransformation


You were on level 2 of the Dungeon.
You were a hulking beast.
You visited 1 branch of the dungeon, and saw 2 of its levels.

You collected 85 gold pieces.

Inventory:

Hand Weapons
 f - a +2 dagger of distortion
 j - a +0 dagger (weapon)
Armour
 a - a +0 robe (worn)
Jewellery
 h - a +5 ring of evasion (left hand)
Talismans
 d - a beast talisman (active)
Scrolls
 c - a scroll of immolation {unknown}
 e - 2 scrolls of teleportation {unknown}
 g - a scroll of poison {unknown}
 k - a scroll of identify {unknown}
 m - 3 scrolls of noise {unknown}
Potions
 b - 3 potions of magic
 i - a potion of haste {unknown}
 l - 2 potions of lignification {unknown}
 n - a potion of enlightenment {unknown}


   Skills:
 * Level 0.6 Fighting
 + Level 2.0 Dodging
 + Level 2.6 Stealth
 + Level 2.3 Spellcasting
 * Level 1.6 Conjurations
 * Level 0.6 Hexes
 * Level 3.3 Fire Magic
 * Level 0.6 Shapeshifting


You had one spell level left.
You knew the following spells:

 Your Spells              Type           Power      Damage    Failure   Level
a - Foxfire               Conj/Fire      36%        2x1d5     8%          1
b - Scorch                Fire           22%        2d5       9%          2
i - Inner Flame           Hex/Fire       7%         N/A       28%         3

Your spell library contained the following spells:

 Spells                   Type           Power      Damage    Failure   Level
 Volatile Blastmotes      Fire/Tloc      12%        2d11      32%         3
 Flame Wave               Conj/Fire      9%         2d6       61%         4


Dungeon Overview and Level Annotations

Branches:
Dungeon (2/15)

Altars:
Ashenzari

Shops:
D:1 *


Innate Abilities, Weirdness & Mutations

You are a hulking beast.
Your limbs bulge with bestial killing power. (Slay +0)
You are partially covered in yellow scales. (AC +2)
You regenerate magic rapidly.
Spells you cast may paralyse adjacent enemies.


Message History

The hobgoblin closely misses you.
You hit the hobgoblin.
You kill the hobgoblin!
The gnoll attacks as it pursues you! The gnoll hits you with a +0 whip.
Casting: Foxfire (safe; 8% risk of failure)
Confirm with . or Enter, or press ? or * to list all spells.
You conjure some foxfire!
Malevolent energies surge around you. The gnoll misses you.
Unknown command.
Casting: Foxfire (safe; 8% risk of failure)
Confirm with . or Enter, or press ? or * to list all spells.
You conjure some foxfire!
Malevolent energies surge around you.
The gnoll suddenly stops moving!
The foxfire hits the gnoll but does no damage.
The foxfire hits the gnoll.
The gnoll is severely wounded.
The helpless gnoll fails to defend itself.
You puncture the gnoll!
You kill the gnoll!
The foxfire hits the gnoll.
The gnoll is lightly wounded.
The foxfire hits the gnoll.
The gnoll is moderately wounded.
The gnoll hits you with a +0 whip!
* * * LOW HITPOINT WARNING * * *
Casting: Foxfire (safe; 8% risk of failure)
Confirm with . or Enter, or press ? or * to list all spells.
Flames lash the gnoll.
The gnoll is severely wounded.
The gnoll's fire resistance burns away.
Malevolent energies surge around you. The gnoll hits you with a +0 whip.
* * * LOW HITPOINT WARNING * * *
You hit the gnoll but do no damage.
The gnoll is severely wounded.
The gnoll barely misses you.
Casting: Scorch (safe; 9% risk of failure)
Confirm with . or Enter, or press ? or * to list all spells.
You conjure some foxfire!
Malevolent energies surge around you. The gnoll hits you with a +0 whip.
You die...

##......###.###..# #.#
............####.####.#
##.....))##........##.#
#....................#
#######.............###
.....................#
########.#.........#.## #####
#.#.....v.g.#..#######....
#.#.#...vh)..........+....
#.#.####.######.#.####..).
#####.#......# #.#.####....
#..........########.#.g..g....
#......÷....<....##÷#####.....
#.._.......#####.##.# #.....
#.......÷..# #.##.# ###..#
#.....#....# #....# ##..
###..##....# ###### ##.


You could see a gnoll (combustible, ally target).

Vanquished Creatures
  An adder (D:2)
  3 gnolls (D:2)
  A dart slug (D:1)
  A ribbon worm (D:2)
  3 endoplasms (D:1)
  2 giant cockroaches (D:2)
  5 goblins
  5 hobgoblins
  3 jackals (D:1)
  6 quokkas (D:1)
  A ball python (D:1)
  5 bats
  A frilled lizard (D:2)
  2 kobolds (D:1)
  3 rats
42 creatures vanquished.

Vanquished Creatures (others)
  85 foxfires
85 creatures vanquished.

Grand Total: 127 creatures vanquished

Notes
Turn   | Place    | Note
-------+----------+-------------------------------------------
     0 | D:1      | Ekaitz the Demonspawn Fire Elementalist began the quest for
                  | the Orb.
     0 | D:1      | Reached XP level 1. HP: 13/13 MP: 3/3
   267 | D:1      | Gained mutation: Spells you cast may paralyse adjacent
                  | enemies. [demonic ancestry]
   267 | D:1      | Reached XP level 2. HP: 19/19 MP: 1/5
   379 | D:1      | Reached skill level 3 in Fire Magic
   728 | D:1      | Gained mutation: You are partially covered in yellow
                  | scales. (AC +2) [demonic ancestry]
   728 | D:1      | Reached XP level 3. HP: 22/24 MP: 4/6
   736 | D:1      | Learned a level 2 spell: Scorch
   740 | D:1      | Learned a level 3 spell: Inner Flame
   767 | D:1      | Found Vekhleops's Assorted Antiques.
  1389 | D:2      | Found a broken altar of Ashenzari.
  1672 | D:2      | Gained mutation: You regenerate magic rapidly. [demonic
                  | ancestry]
  1672 | D:2      | Reached XP level 4. HP: 10/31 MP: 1/7
  1702 | D:2      | Slain by a gnoll

Illustrated notes

Levels and vault maps discovered:
D:1:      lightli_molten_gateway, layout_loops_ring, serial_shops,
          nicolae_shop_crystal, st_stairs_7
D:2:      layout_basic, basic_altar

Skill      XL: |  1  2  3 |
---------------+----------+-----
Fire Magic     | 3 |  3.3
Stealth        | 2 |  2.6
Dodging        | 2 |  2.0
Fighting       | |  0.6
Spellcasting   | |  2.3
Conjurations   | |  1.6
Hexes          | |  0.6
Shapeshifting  | |  0.6

Action                     |  1- 3 |  4- 6 || total
---------------------------+-------+-------++-------
  Melee: Unarmed           |    40 |       ||    40
         Dagger            |    46 |     7 ||    53
   Cast: Foxfire           |    46 |     5 ||    51
         Scorch            |     3 |     1 ||     4
   Stab: Paralysed         |    16 |     1 ||    17
         Sleeping          |     6 |       ||     6
 Armour: Robe              |    48 |     5 ||    53
  Dodge: Dodged            |   117 |    10 ||   127
   Form: Beast             |     1 |       ||     1
